 Dungeon Crawl Stone Soup version 0.17-a0-1150-g17b0b87 (webtiles) character file.

5532 Kisielow the Spear-Bearer (level 10, 0/83 HPs)
             Began as a Merfolk Skald on May 27, 2015.
             Was a Believer of Yredelemnul.
             Slain by a five-headed hydra (12 damage)
             ... on level 1 of the Lair of Beasts.
             The game lasted 00:43:04 (12085 turns).

Kisielow the Spear-Bearer (Merfolk Skald)          Turns: 12085, Time: 00:43:05

Health: 0/83       AC:  7    Str: 14    XL:     10   Next: 71%
Magic:  13/13      EV: 12    Int: 11    God:    Yredelemnul [**....]
Gold:   405        SH:  0    Dex: 16    Spells: 3 memorised, 7 levels left

rFire  . . .     SeeInvis .     b - +4 halberd (elec)
rCold  . . .     Clarity  .     p - +3 leather armour
rNeg   + . .     SustAt   .     (no shield)
rPois  +         Gourm    .     (helmet restricted)
rElec  .         Spirit   .     e - +0 cloak
rCorr  .         Warding  .     (no gloves)
rMut   .         Stasis   .     (no boots)
MR     +....                    (no amulet)
Stlth  +.........               h - ring of positive energy
                                i - ring of flight

@: starving, somewhat resistant to hostile enchantments, very unstealthy
A: change form in water, swift swim, horns 1, breathe flames 2, magic resistance
1, sense surroundings 1, poison resistance
a: Animate Remains, Recall Undead Slaves, Injury Mirror, Renounce Religion,
Breathe Fire, Evoke Flight


You were on level 1 of the Lair of Beasts.
You worshipped Yredelemnul.
Yredelemnul was pleased with you.
You were starving.

You visited 3 branches of the dungeon, and saw 10 of its levels.
You also visited: Sewer and Bailey.

You collected 405 gold pieces.

Inventory:

Hand weapons
 b - a +4 halberd of electrocution (weapon)
Armour
 e - a +0 cloak (worn)
 p - a +3 leather armour (worn)
Jewellery
 h - a ring of positive energy (right hand)
 i - a ring of flight (left hand)
 q - an uncursed ring of poison resistance
 r - an uncursed ring of ice
 y - an uncursed ring of teleportation
Magical devices
 a - a wand of enslavement (11)
 A - a wand of magic darts (32)
 B - a wand of paralysis (16)
 E - a wand of fire (1)
Scrolls
 g - 4 scrolls of teleportation
 j - 2 scrolls of amnesia
 k - a scroll of noise
 m - a scroll of blinking
 o - 2 scrolls of fog
 t - a scroll of remove curse
Potions
 f - a potion of lignification
 l - 9 potions of curing
 s - 2 potions of brilliance
 u - 9 potions of magic
 v - 4 potions of might
 w - 3 potions of heal wounds
 x - 6 potions of flight
 C - a potion of cancellation {unknown}
 D - 2 potions of haste
Books
 c - a book of Battle

   Spells                             Type                      Level
   a - Infusion                       Charms                       1
   b - Shroud of Golubria             Charms/Translocation         2
   c - Song of Slaying                Charms                       2
   d - Spectral Weapon                Hexes/Charms                 3
   e - Regeneration                   Charms/Necromancy            3
 n - a book of Ice

   Spells                             Type                      Level
   a - Ice Form                       Ice/Transmutation            4
   b - Metabolic Englaciation         Hexes/Ice                    5
   c - Ozocubu's Refrigeration        Ice                          6
   d - Bolt of Cold                   Conjuration/Ice              6
   e - Freezing Cloud                 Conjuration/Ice/Air          6
   f - Simulacrum                     Ice/Necromancy               6
Comestibles
 d - 7 bread rations
 z - 2 meat rations
 F - 2 fruits


   Skills:
 - Level 9.0 Fighting
 * Level 12.4 Polearms
 - Level 0.6 Armour
 * Level 9.1 Dodging
 - Level 2.0 Spellcasting
 - Level 9.0 Charms


You had 7 spell levels left.
You knew the following spells:

 Your Spells              Type           Power        Failure   Level  Hunger
e - Regeneration          Chrm/Necr      ##........   17%         3    ####...
q - Infusion              Chrm           ###...       1%          1    ##.....
w - Shroud of Golubria    Chrm/Tloc      ##........   10%         2    ###....


Dungeon Overview and Level Annotations

Branches:
Dungeon (8/15)             Temple (1/1) D:6            Lair (1/8) D:8

Altars:
Ashenzari
Cheibriados
Dithmenos
Elyvilon
Fedhas
Gozag
Kikubaaqudgha
Makhleb
Nemelex Xobeh
Okawaru
Qazlal
Ru
Sif Muna
Trog
Vehumet
Xom
Yredelemnul
Zin
The Shining One


Innate Abilities, Weirdness & Mutations

You revert to your normal form in water.
You are very nimble and swift while swimming.
You have a pair of small horns on your head.
You can breathe fire.
You are resistant to hostile enchantments.
You passively map a small area around you.
Your system is resistant to poisons.


Message History

The five-headed hydra completely misses you.
The five-headed hydra bites you!
* * * LOW HITPOINT WARNING * * *
The five-headed hydra completely misses you.
The five-headed hydra barely misses you.
Drink which item? (? for menu, Esc to quit)
You feel much better. The five-headed hydra bites you.
The five-headed hydra bites you. The five-headed hydra misses you.
The five-headed hydra completely misses you.
The five-headed hydra bites you!
* * * LOW HITPOINT WARNING * * *
You have got your breath back.
There is a staircase back to the Dungeon here.
The five-headed hydra bites you!
* * * LOW HITPOINT WARNING * * *
The five-headed hydra bites you.
* * * LOW HITPOINT WARNING * * *
The five-headed hydra bites you!
You die...
Your body rises from the dead as a mindless zombie.

...#####..#
..........####
.............#########*
......................
.....................
.................# ***
..>........###...##*
.##.##...#####)...####..
...............D@.......
,
....[...................
,
....###.................
....# #.................
,
...####.#.P.###...##.#.#
*
§§.......#..###..#......
*
§§≈.......#.............
≈#≈..........###........
≈§≈......##...##........


You could see a five-headed hydra.

Vanquished Creatures
  The ghost of Chiseanne the Nimble, an experienced DrWn of Okawaru (D:8)
  Prince Ribbit (D:6)
  Eustachio (D:6)
  Menkaure (D:4)
  A water moccasin (D:8)
  2 wargs (D:8)
  3 orc warriors
  2 black bears
  A sky beast (D:7)
  2 phantoms (D:4)
  An ice beast (D:7)
  7 ogres
  A necrophage (D:5)
  3 centaurs
  3 big kobolds
  Blork the orc (D:6)
  4 giant frogs
  6 killer bees (D:7)
  4 wights (D:6)
  A scorpion (D:4)
  2 crimson imps
  7 orc wizards
  A hound (D:6)
  A jelly (D:8)
  4 orc priests
  A giant frog skeleton (D:5)
  2 iguanas
  Jessica (D:3)
  7 worker ants
  19 gnolls
  2 river rats (Sewer)
  22 adders
  A white imp (D:6)
  2 oozes
  4 worms
  6 giant geckos
  28 orcs
  4 ball pythons
  A bat skeleton (D:4)
  9 giant cockroaches
  20 hobgoblins
  7 jackals
  39 kobolds
  7 quokkas
  15 bats
  2 giant gecko skeletons
  7 giant newts
  15 goblins
  3 jackal skeletons
  20 rats
  3 plants (Temple)
308 creatures vanquished.

Vanquished Creatures (collateral kills)
  An orc warrior (D:7)
  A giant frog (D:8)
  An orc wizard (D:8)
  2 orcs
  A hobgoblin (D:7)
  2 kobolds
  A quokka (D:8)
  A bat (D:7)
  A goblin (D:7)
11 creatures vanquished.

Vanquished Creatures (others)
  2 killer bee zombies (D:7)
  2 orc zombies
  A gnoll zombie (Bailey)
5 creatures vanquished.

Grand Total: 324 creatures vanquished

Notes
Turn   | Place    | Note
--------------------------------------------------------------
     0 | D:1      | Kisielow the Merfolk Skald began the quest for the Orb.
     0 | D:1      | Reached XP level 1. HP: 16/16 MP: 3/3
    99 | D:1      | Reached skill level 4 in Charms
    99 | D:1      | Reached XP level 2. HP: 9/22 MP: 3/5
   359 | D:1      | Learned a level 2 spell: Shroud of Golubria
   703 | D:1      | Reached XP level 3. HP: 20/27 MP: 4/6
  1179 | D:2      | Reached skill level 5 in Charms
  1391 | D:2      | Learned a level 3 spell: Regeneration
  1498 | D:2      | Reached XP level 4. HP: 31/33 MP: 7/7
  2310 | D:3      | Reached XP level 5. HP: 38/38 MP: 5/8
  2634 | D:3      | Reached skill level 5 in Polearms
  3047 | D:3      | Reached XP level 6. HP: 41/44 MP: 9/9
  3451 | D:3      | Noticed Jessica
  3468 | D:3      | Killed Jessica
  3468 | D:3      | Reached skill level 5 in Dodging
  3650 | D:3      | Gained mutation: You occasionally shout uncontrollably at your foes. [potion of mutation]
  3650 | D:3      | Gained mutation: You can breathe flames. [potion of mutation]
  3650 | D:3      | Gained mutation: You passively map a small area around you. [potion of mutation]
  3651 | D:3      | Gained mutation: You can breathe fire. [potion of mutation]
  3651 | D:3      | Gained mutation: You have a pair of small horns on your head. [potion of mutation]
  3651 | D:3      | Lost mutation: You occasionally shout uncontrollably at your foes. [potion of mutation]
  3845 | D:4      | Noticed Menkaure
  4107 | D:4      | Killed Menkaure
  4107 | D:4      | Reached skill level 6 in Polearms
  4135 | D:4      | Reached skill level 7 in Polearms
  4135 | D:4      | Reached XP level 7. HP: 43/50 MP: 10/10
  4312 | D:4      | Found a white marble altar of Elyvilon.
  4325 | D:4      | Found a radiant altar of Vehumet.
  4327 | D:4      | Found a shattered altar of Ashenzari.
  4328 | D:4      | Found a glowing golden altar of the Shining One.
  4328 | D:4      | Found a shimmering altar of Xom.
  4515 | D:4      | Reached skill level 8 in Polearms
  4560 | D:4      | Found an opulent altar of Gozag.
  4560 | D:4      | Found a sparkling altar of Nemelex Xobeh.
  4562 | D:4      | Found a blossoming altar of Fedhas.
  4620 | D:5      | Entered Level 5 of the Dungeon
  4656 | D:5      | Found a glowing drain.
  4675 | Sewer    | Entered a sewer
  4953 | Sewer    | Reached XP level 8. HP: 54/57 MP: 11/11
  4967 | Sewer    | Reached skill level 9 in Polearms
  5446 | D:5      | Reached skill level 10 in Polearms
  5895 | D:5      | Found a shadowy altar of Dithmenos.
  6218 | D:5      | Reached skill level 5 in Fighting
  6609 | D:6      | Noticed Blork the orc
  6617 | D:6      | Reached XP level 9. HP: 46/71 MP: 12/12
  6627 | D:6      | Killed Blork the orc
  7234 | D:6      | Noticed Prince Ribbit
  7250 | D:6      | Killed Prince Ribbit
  7584 | D:6      | Noticed Eustachio
  7889 | D:6      | Found a staircase to the Ecumenical Temple.
  7896 | Temple   | Entered the Ecumenical Temple
  8142 | Temple   | Became a worshipper of Yredelemnul the Dark
  8417 | D:6      | Killed Eustachio
  8864 | D:7      | Found a flagged portal.
  8876 | Bailey   | Entered a bailey
  9074 | Bailey   | Acquired Yredelemnul's first power
  9449 | D:7      | Gained mutation: Your system is resistant to poisons. [potion of beneficial mutation]
  9450 | D:7      | Gained mutation: You are resistant to hostile enchantments. [potion of beneficial mutation]
  9483 | D:7      | Reached XP level 10. HP: 68/83 MP: 13/13
  9524 | D:7      | You fall through a shaft!
  9615 | D:8      | Noticed Chiseanne's ghost (experienced DrWn)
  9645 | D:8      | Killed Chiseanne's ghost
  9645 | D:8      | Reached skill level 11 in Polearms
 10376 | D:7      | Found an opulent altar of Gozag.
 10393 | D:7      | Acquired Yredelemnul's second power
 10837 | D:8      | Reached skill level 12 in Polearms
 10858 | D:8      | Found a staircase to the Lair.
 11954 | Lair:1   | Entered Level 1 of the Lair of Beasts
 12044 | Lair:1   | Noticed a five-headed hydra
 12085 | Lair:1   | Slain by a five-headed hydra

Vault maps used:
D:1:      minmay_arrival_doors, serial_park_tiny_2, roderic_lattice_a
D:2:      first_bread
D:3:      kennysheep_generic_room_5, uniq_jessica
D:4:      grunt_temple_overflow_open, elyvilon_altar_4, uniq_menkaure
D:5:      basic_altar, portal_sewer_entry_c
D:6:      minmay_temple_entry_enclosed_plants, uniq_prince_ribbit1,
          uniq_eustachio, uniq_blork_the_orc
D:7:      enter_bailey_2, nicolae_gozag_cash_rules_everything_around_me
D:8:      erik_lair_orcish_takeover
Temple:   minmay_temple_forest_path_12
Sewer:    sewer_co_15_rooms
Bailey:   bailey_axe_2, bailey

Action                   |  1- 3 |  4- 6 |  7- 9 | 10-12 || total
-------------------------+-------+-------+-------+-------++-------
Melee: Spear             |   124 |   208 |       |       ||   332
       Trident           |       |   141 |   377 |       ||   518
       Halberd           |       |       |   251 |   133 ||   384
 Cast: Infusion          |     1 |     1 |     1 |       ||     3
       Shroud of Golubri |     3 |    15 |    20 |     6 ||    44
       Regeneration      |       |       |     1 |     5 ||     6
Invok: Animate Remains   |       |       |     2 |    12 ||    14
 Abil: Breathe Fire      |       |     2 |    13 |     8 ||    23
Evoke: Wand              |       |       |       |     2 ||     2
  Use: Scroll            |       |     8 |    11 |     2 ||    21
       Potion            |       |     8 |     3 |     2 ||    13
 Stab: Sleeping          |     1 |       |     6 |     3 ||    10
       Distracted        |       |     1 |     2 |     1 ||     4
  Eat: Chunk             |     2 |    10 |    14 |    10 ||    36
       Bread ration      |       |     1 |     1 |       ||     2
       Beef jerky        |       |       |     1 |       ||     1
